 Dungeon Crawl Stone Soup version 0.19.5 (webtiles) character file.

4371 HeyBub the Fighter (level 10, -4/93 HPs)
             Began as a Minotaur Monk on May 11, 2017.
             Was a Priest of Sif Muna.
             Slain by a yak (10 damage)
             ... on level 8 of the Dungeon.
             The game lasted 00:15:35 (7161 turns).

HeyBub the Fighter (Minotaur Monk)                  Turns: 7161, Time: 00:15:35

Health: -4/93      AC:  6    Str: 18    XL:     10   Next: 13%
Magic:  14/14      EV: 17    Int:  8    God:    Sif Muna [***...]
Gold:   386        SH:  0    Dex: 13    Spells: 1 memorised, 14 levels left

rFire  x . .     SeeInvis .     s - +0 long sword
rCold  + . .     Gourm    .     a - +0 leather armour {rPois}
rNeg   . . .     Faith    .     (no shield)
rPois  +         Spirit   .     (helmet restricted)
rElec  .         Reflect  .     (no cloak)
rCorr  .         Harm     +     (no gloves)
MR     .....                    l - +2 pair of boots
Stlth  +.........               e - amulet of harm
                                g - ring of ice
                                n - ring of wizardry

@: confused
A: retaliatory headbutt, horns 2
a: Divine Energy, Channel Magic, Renounce Religion


You were on level 8 of the Dungeon.
You worshipped Sif Muna.
Sif Muna was most pleased with you.
You were hungry.

You visited 2 branches of the dungeon, and saw 10 of its levels.

You collected 386 gold pieces.

Inventory:

Hand Weapons
 i - a +1 falchion
 s - a +0 long sword (weapon)
Missiles
 q - 2 tomahawks (quivered)
Armour
 a - a +0 leather armour of poison resistance (worn)
 b - a +1 robe
 l - a +2 pair of boots (worn)
Jewellery
 e - an amulet of harm (around neck)
 g - a ring of ice (right hand)
 n - a ring of wizardry (left hand)
 y - an uncursed amulet of faith {unknown}
Wands
 r - a wand of teleportation (7/9)
 v - a wand of polymorph (10/24)
Scrolls
 f - 6 scrolls of identify
 k - 2 scrolls of fog
 m - 2 scrolls of remove curse
 o - 2 scrolls of blinking
 x - a scroll of enchant weapon
 z - 5 scrolls of magic mapping
 B - 3 scrolls of immolation {unknown}
 D - a scroll of holy word {unknown}
 G - a scroll of acquirement {unknown}
Potions
 c - a potion of brilliance
 d - a potion of agility
 h - a potion of lignification
 j - a potion of magic
 t - a potion of haste {unknown}
 w - a potion of flight
 F - a potion of ambrosia
Books
 u - a book of Cantrips

   Spells                             Type                      Level
   a - Confusing Touch                Hexes                        1
   b - Animate Skeleton               Necromancy                   1
   c - Summon Small Mammal            Summoning                    1
   d - Apportation                    Translocation                1
 A - a book of Power

   Spells                             Type                      Level
   a - Fulminant Prism                Conjuration/Hexes            4
   b - Iskenderun's Mystic Blast      Conjuration                  4
   c - Venom Bolt                     Conjuration/Poison           5
   d - Bolt of Magma                  Conjuration/Fire/Earth       5
   e - Iron Shot                      Conjuration/Earth            6
   f - Orb of Destruction             Conjuration                  7
   g - Spellforged Servitor           Conjuration/Summoning        7
Comestibles
 p - 2 meat rations
 E - 3 fruits
 H - a beef jerky
 I - 2 bread rations
 J - 9 royal jellies


   Skills:
 - Level 10.0 Fighting
 - Level 9.5 Long Blades
 - Level 8.8 Dodging
 - Level 1.5 Stealth
 + Level 3.3 Spellcasting
 + Level 3.0 Hexes


You had 14 spell levels left.
You knew the following spells:

 Your Spells              Type           Power        Failure   Level  Hunger
a - Confusing Touch       Hex            #.....       6%          1    ##.....


Dungeon Overview and Level Annotations

Branches:
Dungeon (9/15)             Temple (1/1) D:5
   Lair: D:8-11         Orc: D:9-12

Altars:
Cheibriados
Dithmenos
Elyvilon
Gozag
Hepliaklqana
Qazlal
Sif Muna
Uskayaw
Xom
Yredelemnul
The Shining One

Annotations:
D:9 Pikel


Innate Abilities, Weirdness & Mutations

You reflexively headbutt those who attack you in melee.
You have a pair of horns on your head.


Message History

You barely miss the yak. The yak closely misses you.
You closely miss the yak. The yak barely misses you.
You riposte.
You barely miss the yak. You hit the yak.
You headbutt the yak, but do no damage.
The yak is lightly wounded.
The yak closely misses you. You furiously retaliate!
You headbutt the yak!
You riposte.
You closely miss the yak.
The yak is moderately wounded.
You slash the yak!
The yak is severely wounded.
The yak gores you.
* * * LOW HITPOINT WARNING * * *
You hit the yak. Your headbutt misses the yak.
The yak is severely wounded.
The yak gores you!
* * * LOW HITPOINT WARNING * * *
It was a potion of ambrosia.
You are confused.
You feel invigorated. The yak gores you!
You die...

#.##..# ### #..##.# #.## ###.###
###..# ####.# #....#### #....#
#.##....## #..>##
#######.#####..## #####..##
#.......######..#####.......#
#..........####.@Y>.#.......# #
#...........#######.#......)# #
#####..####...#####.........#####
#.######.......##.()).......†
#.###......###.##....)...####
#.##........##...........#
##.#.(........###.........####
####..#..........###.(.(...#....#
.....##.).........####.....####..


You could see a yak.

Vanquished Creatures
  A hill giant (D:6)
  A hornet (D:8)
  Sigmund (D:2)
  Eustachio (D:4)
  3 yaks
  Menkaure (D:4)
  2 ice beasts
  A sky beast (D:5)
  A phantom (D:8)
  3 ogres
  The ghost of markdado the Skirmisher, an amateur CeFi (D:4)
  A black bear (D:6)
  2 centaurs
  A big kobold (D:8)
  Blork the orc (D:4)
  4 bullfrogs
  A wyvern zombie (D:7)
  A scorpion (D:6)
  A water moccasin skeleton (D:8)
  2 howler monkeys
  4 crimson imps
  3 quasits
  An orc priest (D:3)
  5 jellies
  4 hounds
  An iron imp (D:5)
  4 orc wizards
  A centaur skeleton (D:5)
  Ijyb (D:2)
  7 worker ants
  Natasha (thrice) (D:4)
  A hound zombie (D:8)
  Robin (D:2)
  11 adders
  3 shadow imps
  7 oozes
  An adder skeleton (D:4)
  A worm (D:2)
  2 dart slugs
  A leopard gecko (D:8)
  13 orcs
  A ball python (D:2)
  3 giant cockroaches
  20 goblins
  9 hobgoblins
  9 jackals
  8 kobolds
  2 quokkas
  3 bats
  8 frilled lizards
  A jackal skeleton (D:8)
  A jackal zombie (D:8)
  A leopard gecko skeleton (D:4)
  A quokka zombie (D:6)
  6 rats
178 creatures vanquished.

Notes
Turn   | Place    | Note
-------+----------+-------------------------------------------
     0 | D:1      | HeyBub the Minotaur Monk began the quest for the Orb.
     0 | D:1      | Reached XP level 1. HP: 19/19 MP: 0/0
   251 | D:1      | Reached XP level 2. HP: 22/26 MP: 1/1
   820 | D:2      | Noticed Sigmund
  1074 | D:2      | Noticed Robin
  1096 | D:2      | Reached skill level 5 in Long Blades
  1112 | D:2      | Reached XP level 3. HP: 15/31 MP: 2/2
  1113 | D:2      | Killed Robin
  1263 | D:2      | Found a faded altar of an unknown god.
  1263 | D:2      | Found a faded altar of an unknown god.
  1268 | D:2      | Found a faded altar of an unknown god.
  1270 | D:2      | Found a shadowy altar of Dithmenos.
  1272 | D:2      | Found a faded altar of an unknown god.
  1410 | D:2      | Reached XP level 4. HP: 38/39 MP: 3/3
  1487 | D:2      | Killed Sigmund
  1487 | D:2      | Reached XP level 5. HP: 24/45 MP: 4/4
  1599 | D:2      | Found a stormy altar of Qazlal.
  1601 | D:2      | Noticed a fire elemental
  1602 | D:2      | Noticed an air elemental
  1602 | D:2      | Noticed a water elemental
  1656 | D:2      | Noticed Ijyb
  1663 | D:2      | Killed Ijyb
  1877 | D:3      | Reached XP level 6. HP: 50/51 MP: 5/5
  2627 | D:4      | Noticed Natasha
  2633 | D:4      | Killed Natasha
  2654 | D:4      | Noticed Natasha
  2660 | D:4      | Killed Natasha
  2810 | D:4      | Noticed Blork the orc
  2818 | D:4      | Killed Blork the orc
  2818 | D:4      | Reached XP level 7. HP: 52/57 MP: 6/6
  2860 | D:4      | Noticed Menkaure
  2865 | D:4      | Killed Menkaure
  2865 | D:4      | Reached skill level 5 in Dodging
  2887 | D:4      | Noticed Eustachio
  2954 | D:4      | Killed Eustachio
  3129 | D:4      | Noticed markdado's ghost (amateur CeFi)
  3141 | D:4      | Killed markdado's ghost
  3168 | D:4      | Noticed Natasha
  3175 | D:4      | Killed Natasha
  3451 | D:4      | Reached XP level 8. HP: 42/64 MP: 7/7
  3861 | D:5      | Entered Level 5 of the Dungeon
  3956 | D:5      | Learned a level 1 spell: Confusing Touch
  4330 | D:5      | Found a snail-covered altar of Cheibriados.
  4496 | D:5      | Found a staircase to the Ecumenical Temple.
  4502 | Temple   | Entered the Ecumenical Temple
  4511 | Temple   | Became a worshipper of Sif Muna the Loreminder
  4511 | Temple   | Reached * piety under Sif Muna
  4511 | Temple   | Reached ** piety under Sif Muna
  4618 | D:5      | Reached skill level 4 in Fighting
  4848 | D:6      | Reached skill level 5 in Fighting
  4889 | D:6      | Reached skill level 6 in Fighting
  5133 | D:6      | Noticed a hill giant
  5141 | D:6      | Killed a hill giant
  5141 | D:6      | Reached skill level 8 in Fighting
  5141 | D:6      | Reached XP level 9. HP: 24/82 MP: 6/8
  5676 | D:7      | Reached skill level 9 in Fighting
  6191 | D:7      | Reached skill level 10 in Fighting
  6223 | D:7      | Found a hazy altar of Hepliaklqana.
  6454 | D:7      | Reached skill level 1 in Spellcasting
  6454 | D:7      | Reached skill level 1 in Hexes
  6716 | D:8      | Reached *** piety under Sif Muna
  6816 | D:8      | Found a shimmering altar of Xom.
  7032 | D:8      | Reached XP level 10. HP: 89/93 MP: 11/13
  7126 | D:9      | Noticed Pikel
  7160 | D:8      | HP: 1/93 [yak (13)]
  7161 | D:8      | Slain by a yak

Skill      XL: |  1  2  3  4  5  6  7  8  9 10 |
---------------+-------------------------------+-----
Long Blades    | 4 5 7 8 9 |  9.5
Dodging        | 4 7 8 |  8.8
Fighting       | 8 10 | 10.0
Spellcasting   | 2 3 |  3.3
Hexes          | 2 3 |  3.0
Stealth        | |  1.5

Action                   |  1- 3 |  4- 6 |  7- 9 | 10-12 || total
-------------------------+-------+-------+-------+-------++-------
Melee: Falchion          |    65 |    95 |       |       ||   160
       Headbutt          |    14 |    24 |    72 |    11 ||   121
       Long sword        |       |     4 |   283 |    36 ||   323
Throw: Tomahawk          |       |       |     8 |     1 ||     9
 Cast: Confusing Touch   |       |       |    19 |     2 ||    21
  Use: Potion            |       |     4 |     6 |     4 ||    14
       Scroll            |       |     9 |     2 |       ||    11
 Stab: Sleeping          |     3 |     6 |     1 |       ||    10
       Distracted        |       |       |     1 |       ||     1
  Eat: Bread ration      |       |     1 |     3 |       ||     4
       Pizza             |       |       |     1 |       ||     1
       Royal jelly       |       |       |       |     1 ||     1
Armor: Robe              |     8 |    23 |     7 |       ||    38
       Skin              |       |       |    73 |       ||    73
       Leather armour    |       |       |    47 |     4 ||    51
Dodge: Dodged            |    41 |    49 |   241 |    27 ||   358
       Rpst.: Falchion   |    10 |    10 |       |       ||    20
       Long sword        |       |       |    71 |    13 ||    84
